 Dungeon Crawl Stone Soup version 0.28.0 (webtiles) character file.

Game seed: 10885544630157533560

52 HallandMoats the Skirmisher (level 3, 0/29 HPs)
             Began as a Demonspawn Fighter on Feb 7, 2022.
             Was an Initiate of Cheibriados.
             Slain by a gnoll sergeant (6 damage)
             ... on level 3 of the Dungeon.
             The game lasted 00:02:33 (2706 turns).

HallandMoats the Skirmisher (Demonspawn Fighter)    Turns: 2706, Time: 00:02:34

Health: 0/29       AC:  7    Str: 19    XL:     3   Next: 60%
Magic:  3/3        EV:  9    Int: 10    God:    Cheibriados [......]
Gold:   88         SH:  4    Dex: 13    Spells: 2/2 levels left

rFire   + . .      SeeInvis .   a - +0 war axe
rCold   . . .      Faith    .   c - +0 buckler
rNeg    . . .      Spirit   .   b - +0 scale mail
rPois   .          Reflect  .   (no helmet)
rElec   .          Harm     .   (no cloak)
rCorr   .          Rampage  .   (no gloves)
Will    .....                   (no boots)
Stlth   ..........              (no amulet)
HPRegen 0.09/turn               g - ring of protection from fire
MPRegen 0.08/turn               (no ring)

@: mighty, very slow
A: rugged brown scales 1
a: Renounce Religion


You were on level 3 of the Dungeon.
You worshipped Cheibriados.
Cheibriados was noncommittal.
You visited 1 branch of the dungeon, and saw 3 of its levels.

You collected 88 gold pieces.

Inventory:

Hand Weapons
 a - a +0 war axe (weapon)
Armour
 b - a +0 scale mail (worn)
 c - a +0 buckler (worn)
Jewellery
 g - a ring of protection from fire (left hand)
 k - a ring of wizardry
Scrolls
 e - a scroll of identify {unknown}
 f - 2 scrolls of teleportation {unknown}
 h - a scroll of immolation {unknown}
 i - a scroll of enchant armour {unknown}
 j - a scroll of noise {unknown}
 l - a scroll of enchant weapon {unknown}
 n - a scroll of vulnerability {unknown}
Potions
 m - a potion of degeneration {unknown}


   Skills:
 + Level 3.3 Fighting
 + Level 2.2 Axes
 + Level 3.0 Armour
 + Level 1.0 Dodging
 + Level 3.0 Shields


You had 2 spell levels left.
You didn't know any spells.
Your spell library contained the following spells:

 Spells                   Type           Power      Damage    Failure   Level
 Foxfire                  Conj/Fire      0%         2x1d4     83%         1
 Shock                    Conj/Air       0%         1d3       83%         1
 Slow                     Hex            0%         N/A       83%         1
 Call Canine Familiar     Summ           0%         N/A       99%         3
 Confusing Touch          Hex            0%         N/A       99%         3
 Conjure Flame            Conj/Fire      0%         6-21      99%         3
 Inner Flame              Hex/Fire       0%         N/A       99%         3
 Portal Projectile        Hex/Tloc       0%         N/A       99%         3
 Swiftness                Air            0%         N/A       99%         3
 Vampiric Draining        Necr           0%         2d6       99%         3
 Airstrike                Air            0%         N/A       100%        4
 Flame Wave               Conj/Fire      0%         2d4       100%        4
 Leda's Liquefaction      Hex/Erth       0%         N/A       100%        4


Dungeon Overview and Level Annotations

Branches:
Dungeon (3/15)

Altars:
Cheibriados
Uskayaw

Shops:
D:1 =


Innate Abilities, Weirdness & Mutations

You are partially covered in rugged brown scales. (AC +1, +3% HP)


Message History

No target in view!
No target in view!
No target in view!
No target in view!
No target in view!
No target in view!
No target in view!
No target in view!
No target in view!
No target in view!
No target in view!
No target in view!
Found a stone staircase leading down.
There is a stone staircase leading down here.
Key pressed, stopping explore.
A gnoll sergeant and 3 gnolls come into view.
The gnoll sergeant shouts!
The gnoll shouts! x3
A gnoll comes into view. It is wielding a +2 spear of venom.
The gnoll hits you with a +0 club.
The gnoll moves out of view.
There are monsters nearby!
There are monsters nearby!
Okay, then.
You block the gnoll's attack. You block the gnoll's attack.
The gnoll sergeant hits you from afar with a +0 spear!
The gnoll hits you but does no damage.
The gnoll sergeant hits you from afar with a +0 spear.
The gnoll sergeant barely misses you.
The gnoll sergeant hits you but does no damage.
You feel very mighty all of a sudden.
The gnoll sergeant hits you from afar with a +0 spear!
The gnoll sergeant barely misses you.
You slash the gnoll sergeant!
The gnoll sergeant is severely wounded.
You closely miss the gnoll. You hit the gnoll sergeant.
The gnoll sergeant hits you with a +0 spear.
* * * LOW HITPOINT WARNING * * *
You block the gnoll's attack.
The gnoll sergeant hits you with a +0 spear.
You die...

####.....# #.#
## ##.#..# #.#
.# ....#
#.############.#
.#.##
#.##g...gggg...#
.#.#
#.##g#########.#
.. # #.##.# .#
#. #.##g# g#
#.##.# g#
#@##.####### g#
#gggg....... ..
####.####### ##
#.# #.# #.# #.#
#.# #.#


You could see a gnoll sergeant and 3 gnolls.

Vanquished Creatures
  An adder (D:3)
  2 dart slugs
  7 bats
  4 endoplasms
  A giant cockroach (D:2)
  A goblin (D:1)
  2 hobgoblins
  9 kobolds
  4 quokkas
  A ball python (D:3)
  5 frilled lizards
  A rat (D:3)
38 creatures vanquished.

Notes
Turn   | Place    | Note
-------+----------+-------------------------------------------
     0 | D:1      | HallandMoats the Demonspawn Fighter began the quest for the
                  | Orb.
     0 | D:1      | Reached XP level 1. HP: 18/18 MP: 1/1
   508 | D:1      | Gained mutation: You are partially covered in rugged brown
                  | scales. (AC +1, +3% HP) [demonic ancestry]
   508 | D:1      | Reached XP level 2. HP: 16/24 MP: 2/2
   761 | D:1      | Found Kyor's Jewellery Boutique.
  1628 | D:2      | Found a snail-covered altar of Cheibriados.
  1693 | D:2      | Found a faded altar of an unknown god.
  1734 | D:2      | Prayed at the altar of an unknown god.
  1734 | D:2      | Became a worshipper of Uskayaw the Reveller
  1734 | D:2      | Reached * piety under Uskayaw
  1812 | D:2      | Reached XP level 3. HP: 29/29 MP: 3/3
  1828 | D:2      | Fell from the grace of Uskayaw
  1828 | D:2      | Became a worshipper of Cheibriados the Contemplative
  2170 | D:3      | Reached skill level 1 in Dodging
  2685 | D:3      | Noticed a gnoll sergeant
  2706 | D:3      | Slain by a gnoll sergeant

Illustrated notes

Levels and vault maps discovered:
D:1:      nzn_arrival_crosshair, layout_basic, serial_shops, nicolae_shop_trees,
          minmay_tetromino_s4
D:2:      layout_basic, shapermc_ecumenical_altar_acropolis, basic_altar
D:3:      layout_basic, mainiacjoe_overflow_concentric_impassable,
          fedhas_altar_fruit_tree

Skill      XL: |  1  2  3 |
---------------+----------+-----
Axes           | 2 |  2.2
Armour         | 3 |  3.0
Shields        | 3 |  3.0
Dodging        | 1 |  1.0
Fighting       | |  3.3

Action                   || total
-------------------------++-------
Melee: War axe           ||   141
  Use: Potion            ||     1
Armor: Scale mail        ||    88
Dodge: Dodged            ||    97
Block: Buckler           ||    38
